 Dungeon Crawl Stone Soup version 0.20.1-1-g8b1a95d (webtiles) character file.

246 manon the Firebug (level 6, -2/32 HPs)
             Began as a Gargoyle Fire Elementalist on Nov 9, 2017.
             Killed by divine providence
             ... invoked by an orc priest
              (16 damage)
             ... on level 4 of the Dungeon.
             The game lasted 00:12:50 (4204 turns).

manon the Firebug (Gargoyle Fire Elementalist)      Turns: 4204, Time: 00:12:51

Health: -2/32      AC:  8    Str: 12    XL:     6   Next: 11%
Magic:  9/9        EV: 11    Int: 17    God:
Gold:   160        SH:  0    Dex: 10    Spells: 5/9 levels left

rFire    . . .     SeeInvis .   h - +0 dagger
rCold    . . .     Gourm    .   (no shield)
rNeg     + . .     Faith    .   x - +0 leather armour
rPois    ∞         Spirit   .   (no helmet)
rElec    +         Reflect  .   r - +0 cloak
rCorr    .         Harm     .   (no gloves)
MR       .....                  (no boots)
Stlth    ++........             (no amulet)
Regen    0.1/turn               (no ring)
MPRegen  0.2/turn               (no ring)

@: no status effects
A: negative energy resistance 1, electricity resistance, unbreathing,
petrification resistance, rot immunity, AC +4
a: no special abilities


You were on level 4 of the Dungeon.
You were not hungry.

You visited 1 branch of the dungeon, and saw 4 of its levels.

You collected 160 gold pieces.

Inventory:

Hand Weapons
 b - a +0 hunting sling
 h - a +0 dagger (weapon)
 v - a +1 mace of protection
Missiles
 f - 112 stones (quivered)
 o - 58 arrows
 q - 37 sling bullets
 s - 9 tomahawks
Armour
 a - a +0 robe
 n - a +0 scale mail
 r - a +0 cloak (worn)
 x - a +0 leather armour (worn)
Wands
 u - a wand of iceblast (8/15)
 D - a wand of digging (12/24)
Scrolls
 d - a scroll of remove curse
 i - a scroll of enchant weapon {unknown}
 j - a scroll of fog {unknown}
 k - a scroll of identify
 p - a scroll of teleportation {unknown}
 y - a scroll of fear {unknown}
 z - a scroll of noise {unknown}
 B - a scroll of amnesia {unknown}
Potions
 e - a potion of brilliance {unknown}
 g - 2 potions of heal wounds {unknown}
 l - a potion of invisibility {unknown}
 A - a potion of mutation {unknown}
Books
 w - a book of Flames

   Spells                             Type                      Level
   a - Flame Tongue                   Conjuration/Fire             1
   b - Throw Flame                    Conjuration/Fire             2
   c - Conjure Flame                  Conjuration/Fire             3
   d - Inner Flame                    Hexes/Fire                   3
   e - Sticky Flame                   Conjuration/Fire             4
   f - Fireball                       Conjuration/Fire             5
Comestibles
 c - 3 bread rations
 m - a fruit
 t - a royal jelly


   Skills:
 - Level 1.5 Dodging
 - Level 2.1 Stealth
 - Level 2.0 Spellcasting
 + Level 4.2 Conjurations
 + Level 5.2 Fire Magic
 + Level 0.8 Evocations


You had 5 spell levels left.
You knew the following spells:

 Your Spells              Type           Power        Failure   Level  Hunger
a - Flame Tongue          Conj/Fire      ###..        3%          1    #......
c - Conjure Flame         Conj/Fire      ###.....     11%         3    ###....


Dungeon Overview and Level Annotations

Branches:
Dungeon (4/15)
 Temple: D:4-7

Altars:
Dithmenos
Elyvilon

Annotations:
D:3 Terence


Innate Abilities, Weirdness & Mutations

You are resistant to torment.
Your stone body is resilient. (AC +4)
You are immune to poison.
You resist negative energy. (rN+)
You are resistant to electric shocks. (rElec)
You can survive without breathing.
You are immune to petrification.
You are immune to rotting.


Message History

The orc priest looks satisfied for a moment.
The orc priest looks satisfied for a moment.
There is an escape hatch in the floor here.
Things that are here:
a robe; a dagger You start waiting.
The orc priest calls down the wrath of Beogh upon you.
Beogh smites you!
Things that are here:
a robe; a dagger The orc priest invokes the aid of Beogh against you.
Beogh smites you!
There is an escape hatch in the floor here.
The orc wizard shouts!
The orc priest closely misses you.
You closely miss the orc priest.
The orc priest mumbles some strange prayers to Beogh against you.
Beogh smites you!
Ouch! That really hurt!
You die...

#......## ##......## ##.%..##
##....## #....# ##.###
#...##########..#
#..............##
###......o.....[.##
##...############..## ##..###
#####[.#
#.<############o@>...##
............o.........##
.......................##
..o...................#.#####
.........###############....#
...####### ##..## .### #..#
## ##.# # #.#


You could see an orc priest and an orc wizard.

Vanquished Creatures
  A howler monkey (D:3)
  2 orc wizards (D:4)
  A worker ant (D:4)
  4 adders
  4 worms
  A dart slug (D:2)
  3 leopard geckos
  6 orcs
  4 giant cockroaches
  10 goblins
  6 hobgoblins
  4 jackals (D:3)
  8 bats
  3 frilled lizards
  7 kobolds
  8 rats
72 creatures vanquished.

Vanquished Creatures (others)
  A quokka (D:2)
  A rat (D:2)
2 creatures vanquished.

Grand Total: 74 creatures vanquished

Notes
Turn   | Place    | Note
-------+----------+-------------------------------------------
     0 | D:1      | manon the Gargoyle Fire Elementalist began the quest for the Orb.
     0 | D:1      | Reached XP level 1. HP: 10/10 MP: 3/3
   260 | D:1      | Reached XP level 2. HP: 8/15 MP: 0/5
  1090 | D:2      | Found a shadowy altar of Dithmenos.
  1183 | D:2      | Reached XP level 3. HP: 19/19 MP: 6/6
  1332 | D:2      | Found a white marble altar of Elyvilon.
  1740 | D:2      | Reached skill level 4 in Fire Magic
  1740 | D:2      | Reached XP level 4. HP: 10/24 MP: 4/7
  2638 | D:3      | Learned a level 3 spell: Conjure Flame
  3200 | D:3      | Reached XP level 5. HP: 25/28 MP: 6/8
  3349 | D:3      | Noticed Terence
  3833 | D:4      | Reached skill level 5 in Fire Magic
  3952 | D:4      | Reached XP level 6. HP: 21/32 MP: 0/9
  4204 | D:4      | Killed from afar by an orc priest

Skill      XL: |  1  2  3  4  5 |
---------------+----------------+-----
Conjurations   | 2 3 4 |  4.2
Fire Magic     | 4 5 |  5.2
Dodging        | |  1.5
Stealth        | |  2.1
Spellcasting   | |  2.0
Evocations     | |  0.8

Action                   |  1- 3 |  4- 6 || total
-------------------------+-------+-------++-------
Melee: Dagger            |   138 |   161 ||   299
 Cast: Flame Tongue      |    27 |    58 ||    85
  Use: Scroll            |       |     2 ||     2
 Stab: Sleeping          |     3 |       ||     3
  Eat: Chunk             |     3 |     9 ||    12
Armor: Robe              |    60 |    61 ||   121
       Leather armour    |       |    29 ||    29
Dodge: Dodged            |   107 |   148 ||   255
